Cogmind - Beta 15 @@@ ROGUE MODE // 2025.09.10 @ 18:04:26 Player: shapeshifter Result: Self-destructed Performance ------------- Evolutions (2) 1000 Regions Visited (3) 600 Robots Destroyed (30) 150 Value Destroyed (1119) 1119 Prototype IDs (12) 240 Alien Tech Used (0) 0 Bonus (0) 0 TOTAL SCORE: 3109 Bonus ------- None Cogmind --------- Core Integrity 537/550 Matter 129/300 Energy 200/200 System Corruption 0% Temperature Cool (9) Movement Core (350) Ox6 Location -8/Materials Parts ------- > --- POWER (1) -------- Subdweller Power Source > --- PROPULSION (3) --- (None) > --- UTILITY (4) ------ Small Storage Unit Improved Utility Shielding Makeshift System Shield > --- WEAPON (3) ------- Subdweller Shrapnel Launcher > --- INVENTORY (8) ---- Makeshift Flight Unit High-capacity Matter Pod (200) Powered Cannon Advanced EMP Blaster Peak State ------------ > --- POWER ------------ Makeshift Power Source > --- PROPULSION ------- Subdweller Monowheel Subdweller Monowheel > --- UTILITY ---------- Small Storage Unit Improved Utility Shielding Makeshift System Shield > --- WEAPON ----------- Subdweller Machine Gun Barrage Gun Advanced EMP Blaster > --- INVENTORY -------- Subdweller Power Source Makeshift Flight Unit High-capacity Matter Pod Riot Gun Powered Cannon Subdweller Shrapnel Launcher [Rating: 27] Favorites ----------- Power Makeshift Power Source Engine Makeshift Power Source Propulsion Light Treads Treads Light Treads Wheel Subdweller Monowheel Utility Small Storage Unit Device Seismic Detector Storage Small Storage Unit Hackware Makeshift System Shield Protection Scrap Shield Weapon Barrage Gun Energy Gun Riot Gun Ballistic Gun Barrage Gun Launcher Grenade Launcher Build | -11 -10 -10 -8 ------- Run | Yrd Mat Sub Mat Slots Evolved 4 | . . . 4 Power . | . . . . Propulsion 1 | . . . 1 Utility 2 | . . . 2 Weapon 1 | . . . 1 Parts Attached 30 | 7 2 16 5 Power 4 | 1 . 2 1 Engine 4 | 1 . 2 1 Core . | . . . . Reactor . | . . . . Propulsion 8 | 2 . 6 . Treads 2 | 2 . . . Leg . | . . . . Wheel 6 | . . 6 . Hover . | . . . . Flight . | . . . . Utility 6 | 2 1 1 2 Device 1 | 1 . . . Storage 1 | 1 . . . Processor . | . . . . Hackware 1 | . . . 1 Protection 3 | . 1 1 1 Artifact . | . . . . Weapon 12 | 2 1 7 2 Energy Gun 2 | . . 2 . Energy Cannon . | . . . . Ballistic Gun 7 | 2 1 4 . Ballistic Cannon . | . . . . Launcher 3 | . . 1 2 Special Weapon . | . . . . Impact Weapon . | . . . . Slashing Weapon . | . . . . Piercing Weapon . | . . . . Special Melee Weapon . | . . . . Unidentified Prototypes 1 | . . . 1 Parts Lost 10 | . 1 4 5 Power 1 | . . . 1 Propulsion 4 | . . 2 2 Utility 2 | . 1 1 . Weapon 3 | . . 1 2 Highest Loss Streak 5 | . 1 2 5 To Critical Strikes . | . . . . Average Backups 5 | 2 6 5 6 Power . | . . . . Propulsion . | 1 1 . 1 Utility 2 | . 2 1 1 Weapon 2 | . 1 2 3 Tool/Special . | . . . . Unused Backups 12 | . 4 5 3 Power 1 | . 1 . . Propulsion 3 | . 2 . 1 Utility 6 | . 1 4 1 Weapon 2 | . . 1 1 Tool/Special . | . . . . Average Slot Usage (%) 87 | . 100 85 60 Engine 13 | . 14 14 9 Treads 15 | . 28 13 . Wheel 11 | . . 14 14 Device 1 | . 6 . . Storage 8 | . 14 7 9 Protection 7 | . 7 7 4 Energy Gun 3 | . . 4 . Ballistic Gun 22 | . 28 21 13 Launcher 1 | . . 2 1 Peak Build Rating 27 | 7 8 17 27 Average Rating 13 | 4 6 14 20 On Entrance 7 | . 7 7 17 Naked Turns . | . . . . Heaviest Build 30 | 13 15 30 23 Greatest Support 40 | 40 40 40 20 Greatest Overweight (x) 6 | 1 . 6 6 Average Overweight (x) . | . . . . Largest Inventory Capacity 8 | 8 8 8 8 Average Capacity 6 | 7 8 6 8 Most Carried 8 | 5 8 8 8 Average Carried 5 | 2 6 5 7 Final Capacity 8 | 8 8 8 8 Final Carried 8 | 4 8 8 5 Class Distribution -------------------- 62% | Mutant 35% | Subdweller-Mutant Dominant Class ---------------- Mutant | -10/Materials Mutant | -10/Subcaves Derelict-Mutant | -8/Materials Resources | -11 -10 -10 -8 ----------- Run | Yrd Mat Sub Mat Matter Collected 1145 | 189 106 850 . Remotely . | . . . . Salvage Created 998 | 15 151 670 162 Parts 77 | 5 14 53 5 Haulers Intercepted . | . . . . Recyclers Shooed 1 | . . . 1 Parts Field Recycled . | . . . . Retrieved Matter . | . . . . Parts Self-Destructed 8 | . . 8 . Prevented . | . . . . Kills | -11 -10 -10 -8 ------- Run | Yrd Mat Sub Mat Combat Hostiles Destroyed 27 | . 5 17 5 Guns 20 | . 5 15 . AOE 7 | . . 2 5 Classes Destroyed 6 | 1 3 1 1 Tunneler 1 | 1 . . . Watcher 2 | . 1 . 1 Swarmer 5 | . 3 2 . Grunt 6 | . 2 . 4 Sentry 1 | . . . 1 Subdweller 15 | . . 15 . Best Kill Streak 6 | 1 3 2 6 Combat Bots Only 5 | . 3 2 5 Max Kills in Single Turn 3 | 1 1 2 3 Gunslinging . | . . . . Exploded 3 | . . 2 3 Melee . | . . . . Uniques/NPCs Destroyed . | . . . . Combat | -11 -10 -10 -8 -------- Run | Yrd Mat Sub Mat Hostile Shots Fired 149 | . 39 85 25 Missed 47 | . 13 25 9 Hits 102 | . 26 60 16 Projectile 102 | . 26 60 16 AOE 1 | . . 1 . Critical Strikes 1 | . . 1 . Damage Taken 1966 | . 243 1443 280 Core 262 | . 40 209 13 Absorbed by Shields . | . . . . Core Remaining (%) 50 | 100 . . . Volleys Fired 126 | 4 27 81 14 Largest 2 | 2 2 2 2 Hottest 150 | 40 40 150 58 Shots Fired 221 | 8 54 140 19 Gun 208 | 8 54 132 14 Cannon . | . . . . Launcher 13 | . . 8 5 Special . | . . . . Kinetic 192 | 8 54 113 17 Thermal 15 | . . 15 . Explosive 8 | . . 8 . Electromagnetic 6 | . . 4 2 Robot Hit Streak 21 | 6 9 21 8 Robot Miss Streak 3 | 1 3 2 2 Penetration Max . | . . . . Secondary Targets 4 | . 3 1 . Max Gunslinging Chain 1 | . 1 1 . Shots Hit Robots 137 | 6 30 87 14 Core Hits 59 | 2 11 33 13 Critical Kills 2 | 1 . 1 . Critical Parts Destroyed . | . . . . Critical Strikes 2 | 1 . 1 . Destroy 2 | 1 . 1 . Melee Attacks . | . . . . Impact . | . . . . Slashing . | . . . . Piercing . | . . . . Sneak Attacks . | . . . . Combat Hostiles . | . . . . Follow-up Attacks . | . . . . Damage Inflicted 2675 | 48 277 1418 932 Guns 1860 | 48 275 1339 198 Cannons . | . . . . Explosions 813 | . . 79 734 Melee . | . . . . Ramming 2 | . 2 . . Kinetic 2389 | 48 275 1172 894 Thermal 118 | . . 118 . Explosive 79 | . . 79 . Electromagnetic 87 | . . 49 38 Impact . | . . . . Slashing . | . . . . Piercing . | . . . . Highest Corruption . | . . . . Average Corruption . | . . . . Corruption Purged . | . . . . Corruption Blocked . | . . . . Overload Shots 2 | . . 2 . Effects 1 | . . 1 . Short Circuit 1 | . . 1 . Overflow Damage 11 | . . . 11 Projectiles . | . . . . Explosions 11 | . . . 11 Melee . | . . . . Knockbacks . | . . . . Impact . | . . . . Kinetic . | . . . . Secondary . | . . . . Self-Inflicted Damage 61 | . . 28 33 Shots 4 | . . 3 1 Rammed 1 | . 1 . . Targets Rammed 1 | . 1 . . Kicked . | . . . . Crushed . | . . . . Highest Temperature 120 | . 12 120 29 Average Temperature 11 | . 6 17 12 Received Heat Transfer 351 | . 36 234 81 Siege Activations . | . . . . Martial Activations . | . . . . Shielding Activations . | . . . . Robots Disrupted . | . . . . Combat Hostiles . | . . . . Robots Corrupted . | . . . . Combat Hostiles . | . . . . Parts Fried . | . . . . Impact Corruptions . | . . . . Robots Melted . | . . . . Combat Hostiles . | . . . . Parts Melted 1 | . . 1 . Heat Transferred 259 | . . 259 . Parts Sabotaged . | . . . . Parts Stolen . | . . . . Parts Stripped . | . . . . Power Chain Reactions . | . . . . Alert | -11 -10 -10 -8 ------- Run | Yrd Mat Sub Mat Maximum Alert Level 1 | . . . 1 Low Security (%) 99 | 100 100 . 93 Level 1 . | . . . 6 Level 2 . | . . . . Level 3 . | . . . . Level 4 . | . . . . Level 5 . | . . . . High Security . | . . . . Max Security . | . . . . Peak Influence 331 | 5 70 . 331 Initial 3 | . 3 . . Average 15 | 1 12 . 41 Influence Increases 579 | 5 135 70 369 Destroy 0b10 Robot/C 240 | . 100 40 100 Destroy 0b10 Robot/NC 15 | 5 5 . 5 Destroy Leader 44 | . 12 . 32 Successful Hack 36 | . 18 . 18 Disable Machine 30 | . . . 30 Anti-Garrison Action 150 | . . . 150 Destroy Structure 34 | . . . 34 Lose Combat Pursuer 30 | . . 30 . Influence Decreases 268 | . 140 70 58 Entered New Map 2 | . 2 . . Time Decay 225 | . 137 50 38 Lost Part 41 | . 1 20 20 Squads Dispatched 5 | . . . 5 Investigation . | . . . . Extermination . | . . . . Reinforcement 2 | . . . 2 Assault 2 | . . . 2 Garrison 1 | . . . 1 Intercept . | . . . . Searches Triggered . | . . . . Construction Impeded . | . . . . Haulers Reinforced . | . . . . Active Scanning Responses . | . . . . Cargo Convoy Interrupts . | . . . . Stealth | -11 -10 -10 -8 --------- Run | Yrd Mat Sub Mat Distress Signals 1 | . . . 1 Communications Jammed . | . . . . Distress Signals . | . . . . Times Spotted 41 | . 13 19 9 Peak Tracking Total 5 | . 4 4 5 Tactical Retreats 1 | . . 1 . Traps | -11 -10 -10 -8 ------- Run | Yrd Mat Sub Mat Traps Triggered 2 | . 1 1 . Indirectly . | . . . . Trap Hack Attempts . | . . . . Triggered . | . . . . Disarmed . | . . . . Reprogrammed . | . . . . Reused . | . . . . Traps Extracted . | . . . . Installed . | . . . . Triggered . | . . . . Machines | -11 -10 -10 -8 ---------- Run | Yrd Mat Sub Mat Machines Disabled 4 | . . 1 3 Max in Single Turn 2 | . . 1 2 Garrison Access 1 | . . . 1 Machines Repaired . | . . . . Machines Dismantled . | . . . . Machines Sabotaged . | . . . . Overloaded Fab Kills . | . . . . Hacking | -11 -10 -10 -8 --------- Run | Yrd Mat Sub Mat Machines Accessed 5 | . 2 2 1 Terminals 3 | . 2 . 1 Fabricators . | . . . . Repair Stations . | . . . . Recycling Units . | . . . . Scanalyzers . | . . . . Garrison Access . | . . . . Total Hacks 17 | . 7 4 6 Successful 14 | . 5 4 5 Failed 3 | . 2 . 1 Catastrophic 1 | . 1 . . Database Lockouts . | . . . . Manual 13 | . 7 . 6 Terminals 13 | . 7 . 6 Fabricators . | . . . . Repair Stations . | . . . . Recycling Units . | . . . . Scanalyzers . | . . . . Garrison Access . | . . . . Terminal Hacks 7 | . 1 4 2 Record 3 | . . 3 . Branch Access Points 1 | . . . 1 Zone Layout 2 | . 1 . 1 Proto ID Catalog 1 | . . 1 . Fabricator Hacks . | . . . . Repair Station Hacks . | . . . . Recycling Unit Hacks . | . . . . Scanalyzer . | . . . . Garrison Access Hacks . | . . . . Unauthorized Hacks 7 | . 4 . 3 Terminals 7 | . 4 . 3 Assimilate 1 | . . . 1 Botnet 3 | . 2 . 1 Skim 3 | . 2 . 1 Fabricators . | . . . . Repair Stations . | . . . . Recycling Units . | . . . . Scanalyzers . | . . . . Garrison Access . | . . . . Data Cores Recovered . | . . . . Used . | . . . . Hacking Detections 3 | . 2 . 1 Full Trace Events 1 | . 1 . . Feedback Events . | . . . . Feedback Blocked . | . . . . Robot Schematics Acquired . | . . . . Robots Built . | . . . . Authchips . | . . . . Time . | . . . . Total Robot Build Rating . | . . . . Part Schematics Acquired . | . . . . Parts Built . | . . . . Authchips . | . . . . Time . | . . . . Total Part Build Rating . | . . . . Parts Repaired . | . . . . Time . | . . . . Parts Recycled . | . . . . Recycled Matter . | . . . . Retrieved Matter . | . . . . Retrieved Components . | . . . . Parts Scanalyzed . | . . . . Part Schematics Acquired . | . . . . Parts Damaged . | . . . . Bothacking | -11 -10 -10 -8 ------------ Run | Yrd Mat Sub Mat Used RIF Installer . | . . . . Robots Hacked . | . . . . Non-combat . | . . . . Combat . | . . . . Robot Hacks Applied . | . . . . Relay Couplers Released 2 | . . . 2 Machine Destruction 2 | . . . 2 Fabnet Peak Effective % . | . . . . Robots Rewired . | . . . . Allies Hacked . | . . . . Hacks Repelled . | . . . . Allies | -11 -10 -10 -8 -------- Run | Yrd Mat Sub Mat Total Allies 1 | . . . 1 Largest Group 1 | . . . 1 Highest-Rated Group 10 | . . . 10 Highest-Rated Ally 10 | . . . 10 Total Orders . | . . . . Ally Attacks . | . . . . Total Damage . | . . . . Kills . | . . . . Allies Corrupted . | . . . . Allies Melted . | . . . . Intel | -11 -10 -10 -8 ------- Run | Yrd Mat Sub Mat Active Infowar (turns) 276 | 4 272 . . Seismic 276 | 4 272 . . Robot Analysis Total . | . . . . Derelict Logs Recovered 2 | . . 2 . Drone Launches . | . . . . Drone Recoveries . | . . . . Exploration | -11 -10 -10 -8 ------------- Run | Yrd Mat Sub Mat Turns Passed 3595 | 77 597 2819 102 Spaces Moved 2120 | 43 306 1719 52 Core 23 | 17 . 5 1 Treads 1033 | 26 306 701 . Legs . | . . . . Wheels 1064 | . . 1013 51 Hover . | . . . . Flight . | . . . . Fastest Speed 50 | 50 160 110 110 Average Speed 147 | 117 160 147 115 Slowest Speed 350 | 160 160 350 350 Overloaded Moves . | . . . . Propulsion Burnouts . | . . . . Robots Hopped . | . . . . Potential Cave-ins . | . . . . Cave-ins Triggered . | . . . . Exploration Rate (%) 40 | 4 57 92 10 Regions Visited 3 Branch Regions 1 Pre-discovered Areas . | . . . . Known Exits Taken . | . . . . Unknown Exits Taken 3 | 1 1 1 . Scrap Searched 11 | . . 11 . Spaces Dug 4 | . . 4 . Terrain Destroyed 86 | . . 48 38 Melee . | . . . . Projectile . | . . . . AOE 86 | . . 48 38 Terrain Rammed . | . . . . Walls Destroyed . | . . . . Machines Disabled . | . . . . Actions | -11 -10 -10 -8 --------- Run | Yrd Mat Sub Mat Total 2397 | 63 372 1887 75 Wait 37 | . 22 15 . Move 2117 | 42 305 1718 52 Hop . | . . . . Pick Up 40 | 10 9 20 1 Fast Attach 8 | 1 1 5 1 Attach 23 | 6 1 11 5 Detach 1 | . . . 1 Swap 5 | . 1 4 . Drop 31 | . 5 25 1 Fire 126 | 4 27 81 14 Melee . | . . . . Ram . | . . . . Kick . | . . . . Crush 1 | . 1 . . Escape Stasis . | . . . . Rewire . | . . . . Trap . | . . . . Miscellaneous 8 | . . 8 . Route ------- -11/Scrapyard -10/Materials (discovered 3 exits: [*Mat x2] / *Sub) -10/Subcaves (discovered 2 exits: *Mat / [*Rec]) -8/Materials (discovered 1 exit: Fac) History --------- Turn | Location | Event 10 | -11/Scrapyard | Discovered new exit (range 16) 78 | -11/Scrapyard | Entered Materials 209 | -10/Materials | Discovered new exit (range 4) 304 | -10/Materials | Build established: Mutant 562 | -10/Materials | Discovered new exit (range 15) 659 | -10/Materials | Discovered new exit (range 4) 675 | -10/Materials | Entered Subcaves 676 | -10/Subcaves | Approached by a straggling Scientist 720 | -10/Subcaves | Learned location of 1 exit from Materials 721 | -10/Subcaves | A swath of the cavern ceiling suddenly collapsed 859 | -10/Subcaves | Disturbed a concealed Subdweller 992 | -10/Subcaves | Shifting Twisted Machinery released Barrage Gun 1211 | -10/Subcaves | Shifting Twisted Machinery released Battle Rifle 1385 | -10/Subcaves | Build established: Subdweller-Mutant 1669 | -10/Subcaves | Discovered new exit (range 6) 1799 | -10/Subcaves | Learned Materials stockpile data 1927 | -10/Subcaves | Visited Clippyterm 1934 | -10/Subcaves | Learned Factory stockpile data 2157 | -10/Subcaves | Visited 4L-MR0's lab 2187 | -10/Subcaves | Core integrity fell below 50% 2247 | -10/Subcaves | Found Powered Cannon 2473 | -10/Subcaves | Build established: Mutant 2527 | -10/Subcaves | Disturbed a concealed Subdweller 2536 | -10/Subcaves | Core integrity fell below 20% 2888 | -10/Subcaves | A swath of the cavern ceiling suddenly collapsed 2915 | -10/Subcaves | Discovered new exit (range 14) 3494 | -10/Subcaves | Entered Materials 3494 | -8/Materials | Evolved 4 slots: Propulsion x1, Utility x2, Weapon x1 3495 | -8/Materials | Identified exit to Factory 3575 | -8/Materials | Garrison activated, responded to threat 3596 | -8/Materials | Self-destructed Last Messages --------------- reinforcements to Terminal M006. 03567_ Barrage Gun destroyed. 03569_ Sub. Machine Gun shoots sparks and powers down. 03570_ Mak. Power Source destroyed. 03571_ Dropped Broken Sub. Machine Gun. 03575_ Destroyed Imp. Ion Engine. 03575_ Destroyed Heat Sink. 03575_ Y-45 Defender destroyed. 03575_ ALERT: Activating Garrison Access M001. 03577_ G-47 Trooper destroyed. 03588_ Riot Gun destroyed. 03589_ G-47 Trooper destroyed. 03589_ Neutrino Reactor explodes. 03589_ ALERT: Garrison Access compromised, dispatching multiple assault carriers. 03590_ Technician 3a reports 0b10 security level has risen to 1. 03591_ W-25 Informer destroyed. 03592_ Sub. Monowheel destroyed. Map ----- +----------------------------------------------------+ | ?????????????????????????????????????????????????? | | ?????????????????????????????????????????????????? | | ?????????????????????????????????????????????????? | | ?????????????????????????????????????????????????? | | ?????????????????????????????????????????????????? | | ?????????????????????????????????????????????????? | | ?????????????????????????????????????????????????? | | ?????????????????????????????????????????????????? | | ?????????????????????????????????????????????????? | | ?????????????????????????????????????????????????? | | ????????????????????????? ?????????????????????? | | ????????????????????????? #????????????????????? | | ????????????????????# ### ## ????????????????? | | ????????????????????# ; ??????????????? | | ????????????????????# # !????????????? | | ????????????????????# ; ????????????? | | ????????????????????# ; % ????????????? | | ????????????????????# ; g ?????????????? | | ???????????????????## * [ *?????????????? | | ???????????????????# " ?????????????? | | ???????????????????+ * " ??????????????? | | ???????????????????# ;;????????????????? | | ???????????????????# * #?????????????????? | | ???????????????????# %=; #??????????????????? | | ???????????????????# ; #??????????????????? | | ???????????????????# @ ; #??????????????????? | | ???????????????????# ;##??????????????????? | | ???????????????????# ;#???????????????????? | | ???????????????????# ######???????????????? | | ????????????######## #???????????????? | | ????????????# # [ ##########??????? | | ????????????# """ # # ! #??????? | | ????????????# """ # o # """ #??????? | | ????????????# """ # # """ #??????? | | ????????????# """ # # """ #??????? | | ????????????# """ + + #??????? | | ????????????# # #"" """ #??????? | | ????????????# """ # ######+## #"T """ #??????? | | ????????????# """ # # # #"" """ #??????? | | ????????????# """ # + """ ##### #??????? | | ????????????# """ ### """ #???##########??????? | | ????????????# """ #?# """ #???????????????????? | | ????????????#? #?# #???????????????????? | | ???????????????#####?#########???????????????????? | | | | | | | | | | | | | +----------------------------------------------------+ Best States ------------- Heat Dissipation 31 Energy Generation 15 Energy Capacity 250 Matter Stores 300 Matter Capacity 300 Sight Range 16 Terrain Scan Density 10 Armor Coverage 800 Utility Shielding 66 Evasion (%) 50 Recoil Reduction 2 Defensive Hacking 11 Item Schematics ----------------- None Robot Schematics ------------------ None Fabricated ------------ Nothing Repaired ---------- Nothing Alien Tech Used ----------------- None Achievements -------------- None Challenges ------------ None Game ------ Seed BombBladeMachine Manual? 0 Play Time 00:17:42 Cumulative 277.3 hours Start 2025.09.10 @ 17:35:17 End 2025.09.10 @ 18:04:26 Sessions 1 Manual Loads 0 Difficulty Rogue Special Mode None Game No. 400 Rogue 400 Adventurer 0 Explorer 0 Win Type - Total 7 Types 5/0/1/1/0/0/0/0/0/0 Lore% 83 Gallery% 79 Achievement% 62 Wizard Run 0 Options --------- Layout 1 ASCII 0 Keyboard 0 Movement Mouse Keybinds 0 Fullscreen 1 Font 24/Smallcaps Map View 50x40 Zoom Use 0% Tactical HUD 1 Map Filters NONE Filters NONE Steam 1 RUN: f2377f9a-f04e-41fb-9020-53fc24d38a71